 Dungeon Crawl Stone Soup version 0.28-a0-563-gf77a47075d (webtiles) character file.

Game seed: 8616057681028053179

1360 wullow the Stinger (level 8, 0/58 HPs)
             Began as a Demonspawn Venom Mage on Sept 29, 2021.
             Slain by a phantom (7 damage)
             ... on level 6 of the Dungeon.
             The game lasted 00:28:44 (7228 turns).

wullow the Stinger (Demonspawn Venom Mage)          Turns: 7228, Time: 00:28:45

Health: 0/58       AC:  4    Str: 21    XL:     8   Next: 37%
Magic:  14/14      EV: 12    Int: 17    God:
Gold:   289        SH:  0    Dex: 13    Spells: 9/15 levels left

rFire   . . .      SeeInvis .   b - +2 dagger (speed)
rCold   . . .      Faith    .   (no shield)
rNeg    . . .      Spirit   .   a - +0 robe
rPois   .          Reflect  .   (helmet restricted)
rElec   .          Harm     .   (no cloak)
rCorr   .          Rampage  .   (no gloves)
Will    .....                   (no boots)
Stlth   +.........              B - amulet of magic regeneration
HPRegen 0.19/turn               n - +6 ring of strength
MPRegen 0.53/turn               E - +6 ring of strength

@: confused, mighty, weak-willed, ambrosia-drunk, flying
A: antennae 2, thin metallic scales 1, powered by death 1, magic regeneration,
screaming 1, weak 1
a: no special abilities


You were on level 6 of the Dungeon.
You visited 1 branch of the dungeon, and saw 6 of its levels.

You collected 289 gold pieces.

Inventory:

Hand Weapons
 b - a +2 dagger of speed (weapon)
 t - a +2 dagger of protection
Missiles
 c - 240 stones
 u - 11 poisoned darts
Armour
 a - a +0 robe (worn)
 i - a +1 ring mail of fire resistance
 y - a +2 kite shield
Jewellery
 n - a +6 ring of strength (left hand)
 v - a ring of willpower
 A - an amulet of regeneration
 B - an amulet of magic regeneration (around neck)
 C - an amulet of guardian spirit
 D - an amulet of faith
 E - a +6 ring of strength (right hand)
Wands
 k - a wand of flame (6)
 s - a wand of paralysis (2)
Scrolls
 d - a scroll of magic mapping {unknown}
 e - 3 scrolls of identify
 f - a scroll of enchant armour {unknown}
 g - a scroll of summoning {unknown}
 h - 3 scrolls of vulnerability
 j - a scroll of enchant weapon {unknown}
 q - a scroll of fog {unknown}
 x - a scroll of brand weapon {unknown}
 z - a scroll of immolation {unknown}
Potions
 m - 2 potions of degeneration


   Skills:
 + Level 3.0 Fighting
 - Level 1.7 Dodging
 - Level 1.7 Stealth
 + Level 4.3 Spellcasting
 - Level 4.0 Conjurations
 - Level 2.0 Transmutations
 - Level 4.0 Air Magic
 + Level 6.3 Poison Magic


You had 9 spell levels left.
You knew the following spells:

 Your Spells              Type           Power      Damage    Failure   Level
a - Sting                 Tmut/Pois      68%        1d6       2%          1
b - Poisonous Vapours     Pois/Air       42%        N/A       2%          2
c - Mephitic Cloud        Conj/Pois/Air  20%        N/A       6%          3

Your spell library contained the following spells:

 Spells                   Type           Power      Damage    Failure   Level
 Spider Form              Tmut/Pois      8%         N/A       9%          3
 Olgreb's Toxic Radiance  Pois           25%        N/A       11%         4
 Ensorcelled Hibernation  Hex/Ice        6%         N/A       22%         2
 Animate Dead             Necr           1%         N/A       83%         4
 Haunt                    Necr/Summ      1%         N/A       100%        7
 Infestation              Necr           1%         N/A       100%        8


Dungeon Overview and Level Annotations

Branches:
Dungeon (6/15)
 Temple: D:4-7

Altars:
Elyvilon
Uskayaw
Vehumet
Xom

Shops:
D:3 (   D:4 =

Annotations:
D:3 exclusion: statue
D:5 Grinder


Innate Abilities, Weirdness & Mutations

You have a pair of antennae on your head.
You are partially covered in thin metallic scales. (AC +2)
You regenerate a little health from kills.
You regenerate magic rapidly.
You occasionally shout uncontrollably at your foes.
You are weak. (Str -2)


Message History

Your Conjurations skill increases to level 4!
Casting: Sting (safe; 2% risk of failure)
Confirm with . or Enter, or press ? or * to list all spells.
You can't see any susceptible monsters within range! (Use Z to cast anyway.) Unknown command.
Casting: Sting (safe; 2% risk of failure)
Confirm with . or Enter, or press ? or * to list all spells.
Aiming: Sting (safe; 2% risk of failure)
Press: ? - help, Shift-Dir - straight line, f - phantom
Aim: a phantom (moderately damaged, weak-willed, 64% to hit)
The sting hits the phantom but does no damage.
The phantom is moderately damaged.
The phantom barely misses you.
Unknown command.
Casting: Sting (safe; 2% risk of failure)
Confirm with . or Enter, or press ? or * to list all spells.
Aiming: Sting (safe; 2% risk of failure)
Press: ? - help, Shift-Dir - straight line, f/p - phantom
Aim: a phantom (moderately damaged, weak-willed, 64% to hit)
The sting hits the phantom.
The phantom partially resists.
The phantom is moderately damaged.
The phantom hits you.
* * * LOW HITPOINT WARNING * * *
The phantom blinks!
You blink.
The phantom closely misses you. The phantom hits you.
* * * LOW HITPOINT WARNING * * *
The phantom blinks!
You blink.
A centaur zombie comes into view.
Found a scroll labelled OLLOGU JI HUVY.
The centaur zombie moves out of view.
There is a stone staircase leading up here.
Casting: Sting (safe; 2% risk of failure)
Confirm with . or Enter, or press ? or * to list all spells.
Okay, then.
You can't go down here!
Unknown command.
Okay, then.
You are confused.
You feel invigorated. The phantom hits you!
You die...

... .. ?. ##
#.##### ... ###
...##.....###..
#..
............'..
#.. ............#
#.. ............#
#.. .......@....#
#.. ........W...#
#.. #####+###.###
###.. ###.######
#.... #........#
#.... #........#
#.... #........#
#....
##..###'######....
##..##..†...).....


You could see a phantom (weak-willed).

Vanquished Creatures
  Sigmund (D:2)
  2 water moccasins
  An ogre (D:5)
  2 scorpions
  A water moccasin skeleton (D:5)
  A bullfrog zombie (D:6)
  6 jellies
  A hound (D:4)
  A centaur skeleton (D:6)
  An orc priest (D:6)
  Jessica (D:2)
  2 iguanas
  An orc wizard (D:6)
  Terence (D:2)
  2 hound skeletons (D:4)
  9 adders
  A gnoll (D:1)
  2 howler monkey skeletons (D:6)
  A shadow imp (D:6)
  A white imp (D:5)
  An adder skeleton (D:4)
  A worm (D:4)
  3 dart slugs
  7 orcs
  14 endoplasms
  3 giant cockroaches
  9 goblins
  8 hobgoblins
  4 jackals (D:1)
  2 quokkas
  3 ball pythons
  3 bats
  2 frilled lizards (D:3)
  16 kobolds
  5 rats
119 creatures vanquished.

Vanquished Creatures (others)
  An ogre (D:4)
  A gnoll shaman (D:4)
  An adder (D:4)
  A hobgoblin (D:4)
  6 fungi (D:2)
  6 toadstools (D:2)
16 creatures vanquished.

Grand Total: 135 creatures vanquished

Notes
Turn   | Place    | Note
-------+----------+-------------------------------------------
     0 | D:1      | wullow the Demonspawn Venom Mage began the quest for the
                  | Orb.
     0 | D:1      | Reached XP level 1. HP: 13/13 MP: 3/3
   120 | D:1      | Reached skill level 1 in Transmutations
   120 | D:1      | Gained mutation: You have a pair of small antennae on your
                  | head. [demonic ancestry]
   120 | D:1      | Reached XP level 2. HP: 14/19 MP: 0/5
  1035 | D:1      | Found a faded altar of an unknown god.
  1299 | D:2      | Noticed Jessica
  1303 | D:2      | Killed Jessica
  1304 | D:2      | Reached skill level 4 in Poison Magic
  1304 | D:2      | Gained mutation: You regenerate a little health from kills.
                  | [demonic ancestry]
  1304 | D:2      | Reached XP level 3. HP: 21/24 MP: 2/6
  1819 | D:2      | Gained mutation: You regenerate magic rapidly. [demonic
                  | ancestry]
  1819 | D:2      | Reached XP level 4. HP: 30/30 MP: 5/7
  1935 | D:2      | Learned a level 2 spell: Poisonous Vapours
  2076 | D:2      | Noticed Terence
  2085 | D:2      | Killed Terence
  2396 | D:2      | Reached skill level 1 in Air Magic
  2396 | D:2      | Reached XP level 5. HP: 35/35 MP: 5/9
  2556 | D:2      | Noticed Sigmund
  2578 | D:2      | Killed Sigmund
  2579 | D:2      | Reached skill level 5 in Poison Magic
  2579 | D:2      | Reached XP level 6. HP: 38/41 MP: 1/10
  3343 | D:2      | Learned a level 3 spell: Mephitic Cloud
  3470 | D:3      | Found Selicw's Antique Weapon Shoppe.
  3629 | D:3      | Found a radiant altar of Vehumet.
  3998 | D:4      | Found Tueq's Jewellery Boutique.
  4030 | D:4      | Found a shimmering altar of Xom.
  4032 | D:4      | Noticed a water moccasin
  4099 | D:4      | Reached skill level 1 in Conjurations
  4099 | D:4      | Reached XP level 7. HP: 47/47 MP: 10/12
  4134 | D:4      | Reached skill level 1 in Fighting
  4286 | D:4      | Found a hide-covered altar of Uskayaw.
  4286 | D:4      | Noticed a +0 dagger
  4286 | D:4      | Noticed a +0 short sword
  4286 | D:4      | Noticed a +0 spear
  4288 | D:4      | Noticed a +0 spear
  4288 | D:4      | Noticed a +0 dagger
  4290 | D:4      | Noticed a +0 falchion
  4290 | D:4      | Noticed a +0 short sword
  4291 | D:4      | Noticed a +0 falchion
  5332 | D:5      | Entered Level 5 of the Dungeon
  5699 | D:5      | Noticed Grinder
  5973 | D:5      | Reached skill level 6 in Poison Magic
  6319 | D:5      | Gained mutation: You are partially covered in thin metallic
                  | scales. (AC +2) [demonic ancestry]
  6319 | D:5      | Reached XP level 8. HP: 40/56 MP: 14/14
  7212 | D:6      | Gained mutation: You occasionally shout uncontrollably at
                  | your foes. [potion of mutation]
  7212 | D:6      | Gained mutation: You are weak. (Str -2) [potion of
                  | mutation]
  7212 | D:6      | Gained mutation: You have a pair of antennae on your head.
                  | [potion of mutation]
  7222 | D:6      | HP: 2/58 [phantom (6)]
  7228 | D:6      | Slain by a phantom

Illustrated notes

Levels and vault maps discovered:
D:1:      minmay_arrival_jagged, layout_loops_ring,
          hellmonk_ecumenical_altar_dog_temple
D:2:      cheibrodos_fertilizer, layout_basic, uniq_jessica, uniq_sigmund,
          uniq_terence
D:3:      layout_loops_ring, vehumet_statue, serial_shops,
          nicolae_shop_statue_plus
D:4:      minmay_razor_zed, layout_basic, nicolae_uskayaw_en_pointe,
          xom_confusion_cloud, serial_shops, shop, corexii_leaking_fountain
D:5:      layout_rooms, elyvilon_altar_3, uniq_grinder
D:6:      layout_gridville, mainiacjoe_overflow_paths,
          minmay_temple_entry_waves, uniq_pikel

Skill      XL: |  1  2  3  4  5  6  7  8 |
---------------+-------------------------+-----
Transmutations | 1 2 |  2.0
Poison Magic   | 4 5 6 |  6.3
Air Magic      | 1 2 3 4 |  4.0
Spellcasting   | 3 4 |  4.3
Conjurations   | 1 3 4 |  4.0
Fighting       | 2 3 |  3.0
Dodging        | |  1.7
Stealth        | |  1.7

Action                   |  1- 3 |  4- 6 |  7- 9 || total
-------------------------+-------+-------+-------++-------
Melee: Dagger            |    31 |    43 |   106 ||   180
 Cast: Sting             |    40 |    76 |   115 ||   231
       Poisonous Vapours |       |    23 |    45 ||    68
       Mephitic Cloud    |       |       |     1 ||     1
  Use: Potion            |       |       |     6 ||     6
       Scroll            |       |       |     2 ||     2
 Stab: Sleeping          |       |     1 |     1 ||     2
Armor: Robe              |     7 |     3 |    28 ||    38
       Ring mail         |       |     3 |       ||     3
Dodge: Dodged            |    23 |    36 |    95 ||   154

Table legend: (Time is in decaauts)
 A = Elapsed time spent in this place.
 B = Non-inter-level travel time spent in this place.
 C = Inter-level travel time spent in this place.
 D = Time resting spent in this place.
 E = Time spent auto-exploring this place.
 F = Levels seen in this place.
 G = Mean time per level.
                   A        B        C        D        E       F      G
               +--------+--------+--------+--------+--------+-----+--------+
         Total |   7172 |   7028 |    144 |   1912 |   3909 |   6 | 1195.3 |
       Dungeon |   7172 |   7028 |    144 |   1912 |   3909 |   6 | 1195.3 |
               +--------+--------+--------+--------+--------+-----+--------+

Top non-repeatable levels by time:
     D:2: 2038 daAuts
     D:4: 1334 daAuts
     D:1: 1285 daAuts
     D:5: 1142 daAuts
     D:6: 746 daAuts
     D:3: 626 daAuts
